Map: Efflorescence LE

Players

Throwfordays - Winner!

  • Race: Protoss Protoss
  • League: Silver
  • Spawn Location: 6:00

Faust - Winner!

  • Race: Zerg Zerg
  • League: Diamond
  • Spawn Location: 9:00

toby

  • Race: Terran Terran
  • Spawn Location: 12:00

Zawicki

  • Race: Protoss Protoss
  • Spawn Location: 3:00

VOD

Have the link to the VOD?

Description

Time

  • Played on: April 8, 2019, 11:09 p.m.
  • Length: 23:27
Show
View Real Time Build Order
Export as new Build Order

Throwfordays Protoss - Winner!

Build Orders: Carriers 

Get SALT Encoding   

  12  0:00  Probe  
  13  0:13  Pylon  
  13  0:16  Probe  
  14  0:24  Probe  
  14  0:32  Probe  
  15  0:40  Gateway  
  16  0:47  Assimilator  
  17  0:50  Probe  
  17  1:12  Probe  
  17  1:24  Probe  
  18  1:31  Cybernetics Core  
  18  1:34  Gateway  
  18  1:36  Probe  
  19  1:47  Warp Gate  
  19  1:48  Probe  
  20  1:56  Zealot  
  22  2:02  Forge  
  22  2:20  Nexus  
  22  2:30  Pylon  
  22  2:35  Protoss Ground Weapons Level 1  
  22  2:52  Adept x2  
  27  3:05  Probe  
  27  3:08  Assimilator  
  27  3:17  Probe  
  28  3:23  Robotics Facility  
  28  3:29  Probe  
  28  3:33  Assimilator  
  28  3:34  Pylon  
  29  3:39  Assimilator  
  29  3:42  Probe  
  29  3:48  Probe  
  30  3:54  Probe  
  32  3:56  Probe  
  33  4:05  Probe  
  33  4:06  Photon Cannon  
  33  4:08  Probe  
  35  4:17  Photon Cannon, Probe  
  36  4:27  Probe  
  36  4:29  Probe  
  36  4:31  Pylon  
  38  4:39  Probe  
  38  4:40  Probe  
  40  4:48  Probe  
  40  4:51  Probe  
  42  4:54  Photon Cannon  
  42  4:56  Probe  
  42  4:57  Photon Cannon  
  42  5:06  Protoss Air Weapons Level 1  
  43  5:08  Protoss Shields Level 1, Probe  
  43  5:11  Pylon  
  43  5:14  Stargate  
  44  5:16  Observer  
  44  5:21  Probe  
  46  5:23  Probe  
  47  5:35  Pylon, Probe  
  48  5:37  Observer, Cybernetics Core  
  48  5:41  Stargate  
  49  5:44  Probe  
  49  5:47  Probe  
  51  5:53  Probe  
  51  5:55  Stalker x2  
  56  6:02  Probe  
  57  6:12  Nexus  
  57  6:15  Assimilator  
  57  6:20  Assimilator  
  57  6:22  Pylon  
  57  6:24  Void Ray  
  61  6:32  Void Ray  
  65  6:48  Protoss Air Armor Level 1  
  65  7:01  Twilight Council  
  65  7:03  Pylon  
  65  7:05  Pylon  
  65  7:12  Pylon  
  65  7:28  Fleet Beacon  
  65  7:37  Pylon  
  65  7:40  Pylon  
  65  7:41  Void Ray  
  65  7:43  Void Ray  
  73  7:58  Stalker, Robotics Bay  
  73  8:00  Protoss Ground Weapons Level 2  
  73  8:01  Zealot  
  77  8:20  Probe  
  78  8:27  Zealot  
  78  8:28  Zealot, Probe  
  78  8:30  Charge  
  83  8:38  Probe  
  76  8:50  Probe  
  75  9:02  Probe  
  74  9:15  Probe  
  75  9:19  Probe  
  76  9:27  Probe x2  
  76  9:31  Colossus, Probe  
  85  9:39  Probe  
  85  9:40  Probe  
  85  9:42  Extended Thermal Lance  
  85  9:43  Probe  
  88  9:51  Robotics Facility, Probe  
  88  9:52  Robotics Facility, Probe  
  90  9:55  Stargate  
  90  9:58  Stargate  
  90  10:03  Probe  
  91  10:08  Void Ray x2  
  91  10:11  Stalker  
  91  10:12  Stalker  
  103  10:14  Pylon  
  103  10:20  Probe  
  104  10:28  Colossus  
  110  10:38  Blink  
  110  10:45  Nexus  
  110  10:48  Assimilator  
  110  10:52  Assimilator  
  110  10:53  Zealot x2  
  110  11:35  Tempest x4  
  130  11:41  Stalker x2  
  130  11:44  Probe  
  135  11:49  Colossus x2  
  147  11:56  Probe  
  148  12:08  Probe  
  149  12:20  Probe  
  150  12:32  Probe  
  121  13:25  Probe  
  122  13:27  Probe  
  123  13:36  Immortal x3  
  123  13:37  Probe  
  123  13:38  Zealot  
  123  13:39  Zealot, Probe  
  141  13:49  Probe  
  141  13:51  Gateway, Probe  
  141  13:53  Gateway  
  141  13:55  Gateway  
  143  13:57  Gateway  
  143  14:01  Probe  
  144  14:13  Probe  
  145  14:33  Carrier  
  145  14:34  Carrier x2  
  163  14:40  Pylon  
  163  14:45  Pylon  
  163  14:48  Pylon  
  163  14:52  Pylon  
  163  14:58  Carrier  
  168  15:05  Pylon  
  168  15:13  Immortal  
  168  15:14  Immortal x2  
  174  15:22  Nexus  
  174  15:27  Pylon  
  126  16:26  Zealot x3  
  126  16:27  Zealot x3  
  126  16:30  Protoss Ground Weapons Level 3  
  120  16:33  Carrier x2  
  120  16:34  Carrier x2  
  120  16:35  Immortal x2  
  120  16:36  Immortal  
  142  16:42  Probe  
  142  16:44  Probe  
  132  16:50  Probe  
  132  17:00  Probe  
  133  17:02  Zealot x6  
  145  17:12  Probe  
  145  17:14  Immortal  
  136  17:24  Probe  
  137  17:36  Colossus x2  
  139  17:53  Colossus  
  125  18:20  Carrier x4  
  125  18:22  Probe  
  144  18:29  Probe  
  144  18:33  Nexus  
  145  18:34  Probe  
  134  18:41  Probe  
  134  18:46  Probe  
  122  18:53  Probe  
  117  18:58  Probe  
  112  19:10  Probe  
  112  19:12  Zealot x6  
  117  19:55  Probe  
  117  19:56  Probe  
  119  20:03  Probe  
  119  20:04  Probe  
  120  20:08  Carrier, Probe  
  120  20:09  Carrier  
  120  20:13  Probe  
  134  20:16  Probe  
  134  20:20  Probe  
  137  20:25  Probe  
  138  20:43  Carrier x2  
  150  21:04  Protoss Air Weapons Level 2, Protoss Air Armor Level 2  
  150  21:08  Gravitic Boosters  
  150  21:33  Observer x2  
  150  21:39  Carrier x2  
  164  21:53  Zealot  
  164  21:54  Zealot x5  
  176  22:34  Forge  
Show
View Real Time Build Order
Export as new Build Order

Faust Zerg - Winner!

Build Orders: Hatch First, Swarm Host 

Get SALT Encoding   

  12  0:01  Drone  
  13  0:08  Drone  
  14  0:14  Extractor  
  14  0:15  Drone  
  15  0:23  Overlord  
  15  0:41  Drone x2  
  17  0:56  Hatchery  
  16  1:04  Drone  
  16  1:05  Drone  
  16  1:10  Extractor  
  16  1:11  Drone  
  18  1:22  Spawning Pool  
  17  1:30  Drone  
  18  1:34  Drone  
  18  1:38  Overlord  
  19  1:55  Drone  
  21  2:01  Drone  
  21  2:10  Zergling x2  
  21  2:11  Queen, Drone  
  21  2:13  Metabolic Boost  
  25  2:20  Queen  
  27  2:27  Overlord  
  27  2:39  Drone  
  27  2:40  Drone  
  29  2:45  Zergling x2  
  29  2:49  Lair  
  30  2:55  Drone x4  
  34  3:04  Drone  
  34  3:05  Drone  
  36  3:22  Drone  
  36  3:23  Extractor, Drone x2, Hatchery  
  36  3:26  Drone  
  38  3:32  Extractor  
  38  3:34  Spore Crawler  
  36  3:35  Extractor  
  36  3:37  Spore Crawler  
  36  3:38  Drone  
  35  3:46  Drone x2  
  37  3:50  Drone x3  
  40  3:56  Overlord  
  40  4:02  Drone x3  
  43  4:11  Infestation Pit  
  43  4:15  Drone x3  
  43  4:16  Drone  
  46  4:22  Drone  
  46  4:37  Drone  
  46  4:38  Drone x8  
  55  4:43  Overlord  
  55  4:51  Overlord  
  55  4:52  Nydus Network  
  54  4:59  Overlord  
  54  5:01  Queen  
  54  5:04  Drone  
  57  5:16  Spore Crawler  
  57  5:19  Swarm Host x3  
  65  5:26  Spore Crawler  
  65  5:27  Drone  
  64  5:39  Overlord x3  
  63  5:47  Drone  
  63  5:48  Drone  
  65  5:50  Overlord x2  
  65  5:51  Overlord  
  65  5:54  Extractor  
  65  5:55  Extractor  
  63  6:02  Swarm Host x4  
  63  6:03  Drone x2  
  63  6:04  Drone x3  
  80  6:12  Drone  
  80  6:14  Drone  
  80  6:15  Overlord  
  80  6:16  Drone  
  80  6:17  Drone  
  80  6:18  Overlord  
  84  6:31  Hatchery  
  83  6:35  Nydus Canal  
  83  6:43  Hive  
  83  6:44  Evolution Chamber x2  
  83  6:46  Hydralisk Den  
  80  6:50  Baneling Nest  
  79  6:57  Overlord x2  
  79  6:58  Pneumatized Carapace  
  79  6:59  Burrow  
  79  7:06  Drone x5  
  79  7:07  Drone x2  
  86  7:21  Nydus Canal  
  86  7:40  Hydralisk  
  86  7:41  Hydralisk x10  
  108  7:44  Zergling x4  
  108  7:45  Zergling x2  
  111  8:00  Zerg Melee Weapons Level 1, Zerg Missile Weapons Level 1  
  105  8:08  Baneling x6  
  105  8:09  Baneling x2  
  105  8:10  Centrifical Hooks  
  105  8:11  Zergling x10  
  87  8:57  Hatchery  
  87  8:59  Extractor x2  
  87  9:00  Drone  
  87  9:01  Drone x2  
  87  9:02  Drone x3  
  85  9:16  Drone x2, Spire  
  86  9:33  Adrenal Glands  
  86  9:39  Hatchery  
  86  9:44  Evolution Chamber  
  84  9:56  Drone x4  
  84  9:58  Drone x3  
  84  9:59  Drone x4  
  95  10:18  Hydralisk x3  
  95  10:19  Spine Crawler, Hydralisk x2  
  95  10:20  Spine Crawler  
  103  10:23  Queen  
  103  10:25  Drone x2  
  107  10:29  Zerg Melee Weapons Level 2, Greater Spire, Zerg Missile Weapons Level 2  
  107  10:34  Hydralisk x3  
  107  10:35  Hydralisk x3  
  119  10:48  Zergling x14  
  126  10:58  Viper x2  
  132  11:06  Zergling x10  
  137  11:14  Baneling x2  
  137  11:15  Baneling x6  
  102  11:52  Baneling  
  102  11:53  Baneling x9  
  102  11:54  Corruptor x5  
  76  11:55  Corruptor x2  
  90  12:02  Zerg Flyer Weapons Level 1  
  82  12:46  Brood Lord x7  
  87  12:55  Hydralisk  
  87  12:56  Hydralisk x2  
  93  13:02  Zergling x2  
  93  13:03  Zergling x28  
  108  13:15  Overlord x2  
  108  13:37  Overseer x2  
  108  13:40  Zerg Ground Armor Level 1, Zerg Missile Weapons Level 3  
  107  13:42  Drone x2  
  107  13:43  Drone  
  110  14:07  Drone  
  105  14:19  Drone x2  
  105  14:20  Drone x2  
  109  14:35  Drone  
  109  14:36  Drone x2  
  112  14:40  Hatchery  
  111  14:59  Drone x3  
  115  15:00  Drone x3  
  117  15:13  Hatchery  
  112  15:30  Hydralisk x2  
  112  15:31  Hydralisk x3  
  113  15:43  Drone x4  
  113  15:44  Drone x2  
  119  15:56  Extractor  
  118  16:00  Extractor  
  117  16:12  Hydralisk x3  
  117  16:17  Hatchery  
  122  16:19  Extractor  
  122  16:23  Extractor  
  120  16:38  Hydralisk x6  
  113  16:49  Zergling x18  
  114  16:58  Zergling x4  
  114  17:01  Baneling x2  
  116  17:08  Zergling x4  
  115  17:10  Zerg Melee Weapons Level 3  
  115  17:11  Zerg Ground Armor Level 2  
  115  17:15  Baneling  
  115  17:16  Baneling x4  
  70  17:55  Drone x21  
  70  18:04  Hydralisk  
  70  18:05  Hydralisk x4  
  78  18:10  Hatchery  
  78  18:12  Extractor, Drone x3  
  79  18:13  Drone  
  78  18:24  Drone x2  
  78  18:25  Drone x6  
  86  18:43  Hydralisk  
  86  18:44  Hydralisk x2  
  92  19:15  Hydralisk x8  
  100  19:23  Hatchery  
  99  19:27  Lurker Den  
  99  19:28  Zerg Flyer Weapons Level 2  
  96  19:49  Extractor  
  96  19:52  Extractor, Drone  
  96  19:53  Extractor  
  96  19:54  Extractor  
  96  19:56  Zerg Ground Armor Level 3  
  93  20:09  Nydus Canal  
  93  20:21  Zergling x2  
  93  20:22  Zergling x32  
  93  20:23  Zergling x2  
  111  20:28  Corruptor x2  
  111  20:29  Corruptor x2  
  119  20:44  Hydralisk x4  
  126  20:56  Overlord x2  
  109  21:00  Overseer  
  109  21:01  Overseer x2  
  109  21:02  Drone  
  109  21:03  Drone x2  
  112  21:05  Drone x3  
  112  21:06  Drone x3  
  112  21:08  Drone  
  112  21:09  Drone x5  
  124  21:20  Queen  
  124  21:21  Queen  
  128  21:33  Brood Lord x2  
  132  21:40  Corruptor  
  113  22:19  Lurker x2  
  113  22:20  Lurker  
  113  22:22  Lurker x2  
  118  22:29  Zergling x2  
  120  22:30  Zergling x54  
  140  23:01  Overlord x3  
  133  23:22  Lurker x5  
  133  23:23  Lurker x3  
Show
View Real Time Build Order
Export as new Build Order

toby Terran 

Build Orders:  

Get SALT Encoding   

  12  0:01  SCV  
  13  0:13  SCV  
  14  0:22  Supply Depot  
  14  0:25  SCV  
  15  0:40  Refinery  
  15  0:43  SCV  
  15  0:48  Barracks  
  16  0:56  SCV  
  17  1:12  SCV  
  18  1:24  SCV  
  19  1:38  Supply Depot  
  19  1:43  SCV  
  20  1:49  Supply Depot  
  20  1:52  Factory  
  20  1:53  Marine  
  21  1:55  SCV  
  22  2:07  SCV  
  22  2:08  Barracks  
  23  2:11  Marine  
  24  2:20  Orbital Command  
  24  2:21  Refinery  
  24  2:29  Marine  
  25  2:42  Factory Tech Lab  
  25  2:44  Starport  
  25  2:46  SCV  
  25  2:47  Marine  
  27  2:58  SCV  
  28  3:01  Engineering Bay  
  28  3:04  Marine  
  29  3:06  Siege Tank  
  32  3:14  SCV  
  33  3:21  Starport Tech Lab  
  33  3:22  Marine  
  34  3:33  Supply Depot  
  34  3:34  SCV  
  35  3:35  Missile Turret  
  35  3:38  Siege Tank  
  38  3:46  SCV  
  39  3:55  Viking  
  41  3:57  Supply Depot  
  41  3:58  SCV  
  42  4:04  Marine  
  42  4:07  Supply Depot  
  43  4:27  Missile Turret  
  43  4:29  Command Center  
  43  4:35  Marine  
  43  4:36  Marine, Supply Depot  
  45  4:43  Viking  
  47  4:51  SCV  
  48  4:53  Marine  
  49  5:00  Refinery, Factory  
  49  5:04  Marine  
  50  5:11  Marine  
  51  5:22  Marine  
  52  5:29  Marine  
  52  5:32  Siege Tank  
  56  5:40  Marine  
  57  5:47  Marine  
  58  5:51  Barracks  
  58  5:58  Marine  
  59  6:05  Factory Tech Lab  
  59  6:07  Viking  
  59  6:09  SCV  
  62  6:21  SCV  
  62  6:23  SCV  
  64  6:27  Missile Turret  
  64  6:33  SCV  
  64  6:35  SCV  
  64  6:37  Viking  
  68  6:40  Barracks Tech Lab  
  68  6:43  Widow Mine  
  70  6:47  SCV  
  71  6:59  SCV  
  72  7:05  Widow Mine  
  72  7:07  Viking  
  76  7:11  SCV  
  77  7:26  Marine, Siege Tank x2  
  77  7:27  Marine  
  85  7:35  Armory  
  85  7:44  Marine  
  86  8:01  Marine  
  86  8:13  Marine  
  86  8:14  Viking, Siege Tank x2  
  86  8:15  Supply Depot  
  86  8:17  Orbital Command  
  86  8:19  Marine  
  95  8:31  Marine  
  96  8:37  Marine  
  80  8:44  Viking  
  69  8:49  Marine  
  69  8:55  Marine  
  59  9:07  Marine, Marauder  
  59  9:11  Widow Mine  
  59  9:12  Marine  
  59  9:14  Viking  
  59  9:15  SCV  
  65  9:21  Refinery  
  65  9:25  Marine  
  65  9:26  Combat Shield  
  65  9:27  SCV  
  65  9:28  Marauder  
  65  9:30  Marine  
  70  9:32  Widow Mine  
  70  9:36  Terran Infantry Armor Level 1  
  72  9:39  SCV, Drilling Claws  
  72  9:42  Marine  
  72  9:44  Viking  
  76  9:48  Marine  
  76  9:49  Marauder  
  79  10:00  Marine  
  79  10:06  Marine  
  81  10:11  Marauder  
  81  10:14  Viking  
  85  10:18  Marine  
  85  10:19  Siege Tank  
  85  10:20  Siege Tank  
  92  10:24  Marine  
  93  10:32  Marauder  
  95  10:36  Marine  
  95  10:41  Marine  
  97  10:44  Viking  
  99  10:51  Siege Tank  
  99  10:53  Marine  
  99  10:54  Marine  
  104  10:59  Marine, Widow Mine  
  107  11:11  Marauder  
  107  11:12  Marine  
  110  11:46  Marine, Widow Mine  
  110  11:47  Marine, Viking  
  110  11:48  Marauder  
  110  11:50  Command Center  
  109  12:04  Marine  
  110  12:13  Marine, Marauder  
  109  12:19  Viking  
  109  12:20  Siege Tank, Command Center  
  109  12:21  Marine, Siege Tank  
  110  12:36  Marine x2  
  110  12:40  Marine  
  106  12:49  Viking  
  91  12:52  Supply Depot  
  91  12:53  Supply Depot, Widow Mine  
  91  12:54  Marine x2, Supply Depot  
  91  12:55  Thor  
  100  12:58  Marine  
  87  13:12  Marine x2  
  89  13:14  Siege Tank  
  89  13:16  Marine  
  89  13:19  Viking  
  95  13:30  Marine x2, SCV  
  95  13:31  Starport  
  95  13:34  Marine  
  98  13:38  Starport, Siege Tank  
  102  13:42  SCV  
  102  13:46  Widow Mine  
  102  13:48  Marine x2  
  107  13:49  Viking  
  107  13:52  Marine  
  107  13:54  SCV  
  111  14:01  SCV  
  112  14:05  Marine, SCV  
  112  14:06  SCV, Marauder  
  112  14:07  Widow Mine  
  112  14:09  Marine  
  117  14:13  SCV  
  117  14:18  SCV, Viking x2  
  117  14:19  Viking  
  117  14:23  Marine  
  125  14:25  Supply Depot  
  125  14:27  Marine, Marauder  
  125  14:29  Refinery  
  125  14:30  SCV  
  129  14:33  Refinery  
  129  14:41  Marine  
  129  14:42  SCV  
  129  14:45  Marine  
  131  14:48  Viking x2  
  131  14:49  Marauder  
  131  14:51  Viking  
  141  14:52  SCV  
  141  14:54  SCV  
  141  14:59  Marine  
  143  15:01  Refinery  
  143  15:03  Marine  
  144  15:10  Marine  
  143  15:17  Marine  
  143  15:18  Viking x2  
  143  15:21  Viking  
  145  15:44  Supply Depot  
  145  15:46  SCV  
  145  15:47  Marine x3, Supply Depot  
  145  15:48  Viking x2  
  145  15:49  Widow Mine x2  
  157  15:51  Viking  
  159  15:58  SCV  
  160  16:04  Marine  
  160  16:05  Marine x2  
  160  16:09  Supply Depot  
  160  16:10  SCV  
  160  16:11  Widow Mine x2  
  168  16:18  Viking x2  
  164  16:21  Viking  
  164  16:22  Marine, SCV  
  162  16:31  Marine x2  
  157  16:34  SCV  
  155  16:40  Marine  
  156  16:48  Marine x2, Viking x2  
  156  16:51  Viking  
  164  16:58  Marine  
  165  17:06  Marine x2  
  167  17:16  Marine  
  167  17:18  Viking  
  170  17:24  Marine x2  
  172  17:34  Marine  
  173  17:42  Marine x2  
  168  17:46  Viking x2  
  168  17:48  Viking  
  161  17:51  Marine  
  114  18:00  Marine x2  
  100  18:09  Marine  
  101  18:16  Viking x2  
  101  18:17  Marine  
  101  18:18  Marine, Viking  
  105  18:27  Marine  
  106  18:35  Marine x2  
  103  18:45  Marine  
  103  18:46  Viking x2  
  103  18:47  Viking  
  85  19:08  Marine x3  
  88  19:16  Viking x2  
  91  19:17  Viking  
  91  19:19  Refinery  
  93  19:25  Marine  
  93  19:26  Marine x2  
  83  19:43  Marine x3  
  84  19:46  Viking  
  86  20:01  Marine x3  
  89  20:19  Marine x3  
  92  20:37  Marine x3  
  92  20:38  Viking x2  
  92  20:39  Viking  
  101  20:54  Marine  
  101  20:55  Marine x2  
  88  21:08  Viking x2  
  88  21:09  Viking  
  94  21:12  Marine x3  
  94  21:16  Thor x2  
  109  21:18  Barracks  
  109  21:25  Planetary Fortress  
  103  21:30  Marine x3  
  104  21:38  Viking x3  
  110  21:48  Marine x3  
  113  21:59  Thor x2  
  125  22:06  Marine x3  
  120  22:08  Viking x3  
  121  22:24  Marine x3  
  116  22:38  Viking  
  116  22:41  Marine  
  116  22:42  Marine, Thor, Marauder  
  93  23:04  Marauder  
  93  23:05  Marine x2  
Show
View Real Time Build Order
Export as new Build Order

Zawicki Protoss 

Build Orders: Blink Stalkers 

Get SALT Encoding   

  12  0:01  Probe  
  13  0:13  Probe  
  14  0:21  Pylon  
  14  0:27  Probe  
  15  0:38  Probe  
  15  0:41  Gateway  
  16  0:46  Probe  
  16  0:51  Assimilator  
  16  0:54  Probe  
  18  1:06  Probe  
  18  1:08  Assimilator  
  19  1:26  Pylon  
  19  1:35  Cybernetics Core  
  19  1:39  Pylon  
  19  1:47  Assimilator  
  19  1:54  Probe  
  20  2:02  Probe  
  21  2:09  Gateway  
  21  2:11  Warp Gate  
  21  2:12  Probe  
  22  2:24  Probe  
  23  2:34  Stalker  
  23  2:36  Probe  
  26  2:42  Twilight Council  
  26  3:01  Pylon  
  26  3:03  Stalker  
  28  3:10  Stalker  
  30  3:27  Nexus  
  30  3:55  Blink  
  30  3:57  Pylon  
  29  4:02  Stalker  
  29  4:03  Stalker  
  29  4:09  Probe  
  34  4:14  Forge  
  34  4:17  Probe  
  35  4:25  Probe  
  36  4:35  Probe  
  37  4:48  Gateway  
  37  4:55  Photon Cannon x2  
  37  4:57  Probe  
  38  5:00  Probe  
  39  5:14  Templar Archives  
  39  5:15  Protoss Ground Weapons Level 1  
  39  5:17  Probe  
  39  5:19  Probe  
  41  5:29  Assimilator  
  41  5:31  Probe  
  41  5:32  Assimilator, Probe  
  43  5:38  Pylon  
  43  5:43  Probe  
  44  5:51  Psionic Storm  
  44  5:54  Pylon  
  45  5:57  Probe x2  
  46  6:06  Charge  
  46  6:09  High Templar, Probe x2  
  50  6:15  Stalker  
  52  6:26  Photon Cannon  
  52  6:29  Probe  
  52  6:30  Probe  
  54  6:39  Pylon  
  54  6:43  Photon Cannon  
  54  6:48  Probe x2  
  54  6:49  Pylon  
  56  7:00  Probe  
  55  7:17  Assimilator  
  55  7:21  Pylon  
  55  7:22  Pylon  
  55  7:24  High Templar x3  
  55  7:25  Pylon  
  61  7:30  Pylon  
  61  7:34  Pylon  
  58  8:00  Photon Cannon  
  58  8:02  Photon Cannon  
  58  8:03  Photon Cannon  
  58  8:05  Photon Cannon x2  
  58  8:07  Stalker  
  58  8:10  High Templar  
  58  8:12  High Templar  
  64  8:16  Archon  
  46  8:49  Nexus  
  46  8:52  Pylon  
  46  8:54  Pylon  
  44  8:58  Stalker x3  
  46  9:14  Photon Cannon  
  46  9:15  Photon Cannon  
  46  9:17  Shield Battery  
  46  9:19  Shield Battery, Probe x2  
  48  9:28  High Templar x3  
  54  9:31  Probe  
  54  9:38  Gateway  
  55  9:41  Gateway  
  55  9:42  Forge  
  55  9:45  Forge  
  55  9:53  Robotics Facility  
  55  10:14  Photon Cannon  
  55  10:15  Photon Cannon  
  55  10:16  Shield Battery  
  55  10:18  Photon Cannon  
  55  10:21  Photon Cannon  
  55  10:27  High Templar x3  
  61  10:36  Gateway  
  61  10:37  Pylon  
  61  10:39  Protoss Ground Weapons Level 2  
  61  10:42  Protoss Ground Armor Level 1  
  61  10:45  High Templar  
  61  10:46  High Templar  
  65  10:51  Archon  
  65  11:01  Photon Cannon  
  65  11:02  Shield Battery  
  65  11:03  Assimilator, Probe x2  
  65  11:04  Assimilator, Probe  
  68  11:22  High Templar x3  
  68  11:24  Zealot x2  
  78  11:27  Archon  
  76  11:39  Warp Prism  
  68  11:58  High Templar x2  
  68  11:59  Zealot x4  
  80  12:05  Archon  
  80  12:24  Protoss Shields Level 1  
  80  12:26  High Templar x2  
  80  12:27  High Templar, Zealot  
  88  12:30  Archon  
  88  12:41  Pylon  
  88  12:44  Pylon  
  86  12:45  Gateway  
  86  12:47  Gateway  
  62  13:08  Stalker x6  
  62  13:12  Warp Prism  
  76  13:28  Gateway  
  76  13:29  Gateway  
  76  13:33  Stargate  
  76  13:36  Stargate  
  76  13:41  Stalker x2  
  76  13:42  Stalker x2, Stargate  
  84  14:06  Zealot x4  
  84  14:07  Zealot x4  
  100  14:46  Fleet Beacon  
  100  14:50  Nexus  
  100  14:52  Stalker x3  
  104  14:53  Stalker x4  
  104  14:54  Assimilator, Zealot  
  104  14:58  Assimilator  
  114  15:29  Warp Prism  
  114  15:33  Tempest  
  114  15:34  Tempest x2  
  127  15:47  Stalker x3  
  127  15:48  Stalker  
  129  16:16  Zealot  
  129  16:17  Zealot x5  
  129  16:18  Zealot x4  
  141  16:37  Tempest  
  141  16:38  Tempest  
  145  16:54  High Templar x5  
  147  16:55  High Templar x2  
  147  16:59  Archon x3  
  109  17:41  Zealot x4  
  109  17:42  Zealot x5  
  109  17:43  Zealot  
  70  18:25  Stalker x2  
  70  18:26  Stalker x3  
  64  18:44  Nexus  
  64  18:46  Pylon  
  64  18:49  Pylon  
  47  19:04  Zealot x3  
  47  19:05  Zealot x4  
  55  19:30  Zealot  
  55  19:31  Zealot x2  
  47  20:03  Assimilator x2  
  47  20:24  Gateway  
  47  20:26  Gateway  
  47  20:35  High Templar x6  
  55  20:39  Archon  
  55  20:40  Archon x2  
  59  20:47  Warp Prism  
  61  20:55  High Templar  
  63  21:12  High Templar x2  
  63  21:13  High Templar x2  
  63  21:14  Zealot x2  
  63  21:17  Archon  
  75  21:22  Zealot x2  
  79  21:40  Stalker x3  
  85  21:56  Stalker x3  
  85  21:57  Zealot  
  85  21:58  Zealot  
  95  22:16  Stalker x2  
  43  22:46  High Templar  
  43  22:48  Zealot x5  
  43  22:49  Zealot x2  
Tags
 
Add a new tag
Caveats
  • Supply blocks, unpowered buildings, or Contaminate may cause inaccurate times.
  • Supply counts are checked every 10 seconds.